 Dungeon Crawl Stone Soup version 0.30.1 (webtiles) character file.

Game seed: 3443225961126106139

119 Fodor the Covered (level 4, 0/41 HPs)
             Began as a Minotaur Fighter on July 14, 2023.
             Slain by a goblin
             ... wielding a +0 club
             ... led by Robin
              (2 damage)
             ... on level 3 of the Dungeon.
             The game lasted 00:09:27 (1982 turns).

Fodor the Covered (Minotaur Fighter)                Turns: 1982, Time: 00:09:28

Health: 0/41       AC: 13    Str: 23    XL:     4   Next: 74%
Magic:  3/3        EV:  6    Int:  5    God:
Gold:   96         SH:  4    Dex:  9    Spells: 3/3 levels left

rFire   . . .        a - +0 long sword
rCold   . . .        c - +0 buckler
rNeg    . . .        q - +0 plate armour
rPois   .            (helmet restricted)
rElec   .            (no cloak)
rCorr   .            p - +0 pair of gloves
SInv    .            (no boots)
Will    .....        (no amulet) Stlth
                     (no ring)
HPRegen 0.26/turn    (no ring)
MPRegen 0.08/turn

%: no passive effects
@: no status effects
A: horns 2, retaliatory headbutt
a: no special abilities


You were on level 3 of the Dungeon.
You visited 1 branch of the dungeon, and saw 3 of its levels.

You collected 96 gold pieces.

Inventory:

Hand Weapons
 a - a +0 long sword (weapon)
 u - a +0 antimagic sling
Missiles
 l - 3 boomerangs (quivered)
Armour
 c - a +0 buckler (worn)
 p - a +0 pair of gloves (worn)
 q - a +0 plate armour (worn)
Scrolls
 e - 3 scrolls of torment {unknown}
 g - 2 scrolls of enchant weapon {unknown}
 h - 2 scrolls of magic mapping
 n - a scroll of blinking {unknown}
 o - a scroll of butterflies {unknown}
 s - a scroll of identify {unknown}
 t - a scroll of enchant armour {unknown}
Potions
 b - 2 potions of curing {unknown}
 d - a potion of might
 i - a potion of magic {unknown}
 j - 2 potions of flight {unknown}
 k - a potion of resistance {unknown}
 m - a potion of invisibility {unknown}
 r - a potion of attraction {unknown}


   Skills:
 + Level 4.3 Fighting
 + Level 3.4 Long Blades
 + Level 5.0 Armour
 + Level 0.4 Dodging
 + Level 4.3 Shields


You had 3 spell levels left.
You didn't know any spells.
Your spell library contained the following spells:

 Spells                   Type           Power      Damage    Failure   Level
 Dazzling Flash           Conj/Hex       0%         N/A       100%        3
 Portal Projectile        Hex/Tloc       0%         N/A       100%        3
 Tukima's Dance           Hex            0%         N/A       100%        3
 Volatile Blastmotes      Fire/Tloc      0%         2d10      100%        3
 Iskenderun's Mystic Bla  Conj/Tloc      0%         2d3       100%        4
 Blade Hands              Tmut           0%         N/A       100%        5
 Starburst                Conj/Fire      0%         6d3       100%        6


Dungeon Overview and Level Annotations

Branches:
Dungeon (3/15)

Altars:
Fedhas

Annotations:
D:3 Robin


Innate Abilities, Weirdness & Mutations

You have a pair of horns on your head.
You reflexively headbutt those who attack you in melee.


Message History

You kill the goblin!
The goblin hits you but does no damage. x3
The goblin hits you with a +0 dagger. You block the goblin's attack.
The goblin hits you but does no damage. Robin throws the goblin at you!
You block the goblin's attack.
You hit the goblin.
The goblin is heavily wounded.
You block the goblin's attack. The goblin hits you but does no damage.
The goblin barely misses you.
The goblin hits you but does no damage. x4
You hit the goblin but do no damage.
The goblin is heavily wounded.
The goblin hits you but does no damage. The goblin barely misses you.
You furiously retaliate!
You headbutt the goblin, but do no damage.
The goblin hits you but does no damage. You block the goblin's attack. x2
The goblin hits you with a +0 dagger. The goblin closely misses you.
You furiously retaliate!
You headbutt the goblin!
You kill the goblin!
The goblin hits you but does no damage. The goblin barely misses you. x2
You furiously retaliate!
You headbutt the goblin!
You kill the goblin!
The goblin hits you with a +0 club.
* * * LOW HITPOINT WARNING * * *
The goblin hits you but does no damage. The goblin hits you with a +0 club.
* * * LOW HITPOINT WARNING * * *
You block the goblin's attack.
You barely miss the goblin.
The goblin is heavily wounded.
The goblin hits you but does no damage. The goblin hits you with a +0 dagger.
* * * LOW HITPOINT WARNING * * *
The goblin barely misses you. The goblin closely misses you.
The goblin hits you with a +0 club.
* * * LOW HITPOINT WARNING * * *
The goblin hits you but does no damage.
As you read the scroll labelled VAF VIFARI, it crumbles to dust.
You feel aware of your surroundings.
You sensed 4 altars.
It was a scroll of magic mapping.
The goblin no longer looks unusually strong.
The goblin hits you with a +0 club.
You die...

,,,,,,,,***.............##..,,,,,
,,,,,,,,**,,#####....#####,,,,,,,
,,,,,,,,**,**##(....###...,,,,,,,
**,****,,,,**#...#.##....#,,,,,,,
*,* ***,,,*#.........$..,,,,,,,
*,* **,*,##......>.##..,,,,,,,
*,* ***,,#.#..#......#*,,,,,,,,,
*,* *,,,*#....ggg.#####,*,******
*,* *,***##...)@gg......#,,,** *
*,* *,* #.....gg.....###**,,* *
**,***,***#.#####.........,**,***
,,,,,,,**..,***,..######..>,,,,,,
,,,,,,***.**,,,...#* ***.,,,,,,,
,,,,,,***,,,,,,....* **,,,,,,,,,,
,,,,,,**,,,,,,.g...***,,********,
,,,,,,****,,,,,,,...,,,** **
,,,,,,* *,>,,,,,,,***** **


You could see Robin and 6 goblins.

Vanquished Creatures
  Natasha (thrice) (D:2)
  An adder (D:2)
  4 ball pythons
  2 bats (D:1)
  2 endoplasms
  10 goblins
  2 hobgoblins
  2 kobolds (D:1)
  2 quokkas
  2 frilled lizards (D:1)
  5 rats
35 creatures vanquished.

Notes
Turn   | Place    | Note
-------+----------+-------------------------------------------
     0 | D:1      | Fodor the Minotaur Fighter began the quest for the Orb.
     0 | D:1      | Reached XP level 1. HP: 19/19 MP: 0/0
   118 | D:1      | Noticed an eye of devastation
   123 | D:1      | Found a faded altar of an unknown god.
   130 | D:1      | Reached XP level 2. HP: 22/27 MP: 1/1
   174 | D:1      | Noticed a great orb of eyes
   178 | D:1      | Noticed an eye of devastation
   209 | D:1      | Noticed a golden eye
   562 | D:1      | Reached skill level 4 in Armour
  1162 | D:2      | Found a blossoming altar of Fedhas.
  1182 | D:2      | Reached XP level 3. HP: 33/33 MP: 2/2
  1464 | D:2      | Noticed Natasha
  1475 | D:2      | Killed Natasha
  1660 | D:2      | Noticed Natasha
  1674 | D:2      | Killed Natasha
  1675 | D:2      | Reached XP level 4. HP: 22/41 MP: 3/3
  1874 | D:2      | Noticed Natasha
  1879 | D:2      | Killed Natasha
  1880 | D:2      | Reached skill level 5 in Armour
  1969 | D:3      | Noticed Robin
  1981 | D:3      | HP: 2/41 [goblin/+0 club[Robin] (5)]
  1982 | D:3      | Slain by a goblin

Illustrated notes

Levels and vault maps discovered:
D:1:      ebering_trefoil_twist, layout_basic,
          hellmonk_ecumenical_altar_watching_god, hangedman_glass_teeth,
          serial_park_tiny_1
D:2:      layout_loops_ring, basic_altar, chequers_serial_rivers_micro_b,
          uniq_natasha
D:3:      cheibrodos_old_hovel, layout_rooms, fedhas_altar_3,
          lemuel_crystal_altar, nicolae_overflow_two_pavilions, uniq_robin

Skill      XL: |  1  2  3  4 |
---------------+-------------+-----
Armour         | 4 5 |  5.0
Shields        | 4 |  4.3
Fighting       | 4 |  4.3
Long Blades    | 3 |  3.4
Dodging        | |  0.4

Action                     |  1- 3 |  4- 6 || total
---------------------------+-------+-------++-------
  Melee: Long sword        |    72 |    14 ||    86
         Headbutt          |     6 |     3 ||     9
    Use: Scroll            |       |     1 ||     1
 Armour: Scale mail        |    29 |       ||    29
         Plate armour      |    28 |    30 ||    58
  Dodge: Dodged            |    43 |    13 ||    56
  Block: Buckler           |    22 |    11 ||    33
